 Dungeon Crawl Stone Soup version 0.28-a0-973-ga7f8b01127 (webtiles) character file.

Game seed: 12235495804633962804

465 bearlyready the Conjurer (level 6, 0/32 HPs)
             Began as a Deep Elf Conjurer on Dec 1, 2021.
             Slain by a centaur (1 damage)
             ... on level 6 of the Dungeon.
             The game lasted 00:10:39 (4123 turns).

bearlyready the Conjurer (Deep Elf Conjurer)        Turns: 4123, Time: 00:10:39

Health: 0/32       AC:  2    Str:  4    XL:     6   Next: 80%
Magic:  2/12       EV: 12    Int: 25    God:
Gold:   141        SH:  0    Dex: 13    Spells: 4/11 levels left

rFire   . . .      SeeInvis .   d - +0 dagger
rCold   . . .      Faith    .   (no shield)
rNeg    . . .      Spirit   .   a - +0 robe
rPois   .          Reflect  .   (no helmet)
rElec   .          Harm     .   (no cloak)
rCorr   .          Rampage  .   (no gloves)
Will    .....                   (no boots)
Stlth   +.........              (no amulet)
HPRegen 0.10/turn               (no ring)
MPRegen 0.13/turn               (no ring)

@: silenced
A: no striking features
a: no special abilities


You were on level 6 of the Dungeon.
You visited 1 branch of the dungeon, and saw 5 of its levels.
You also visited: Sewer.

You collected 141 gold pieces.

Inventory:

Hand Weapons
 d - a +0 dagger (weapon)
 m - a +0 hunting sling
Missiles
 h - 22 poisoned darts
 i - 62 sling bullets
 l - 80 stones
Armour
 a - a +0 robe (worn)
Scrolls
 f - 2 scrolls of vulnerability
 k - 2 scrolls of enchant armour
 n - 4 scrolls of amnesia
 q - 2 scrolls of teleportation
Potions
 b - 3 potions of flight
 e - a potion of brilliance {unknown}
 g - a potion of haste {unknown}
 j - 3 potions of curing
 o - a potion of degeneration {unknown}
 p - a potion of lignification {unknown}
 s - 2 potions of might {unknown}


   Skills:
 - Level 2.4 Dodging
 - Level 2.4 Stealth
 - Level 3.2 Spellcasting
 + Level 7.6 Conjurations
 + Level 5.2 Hexes


You had 4 spell levels left.
You knew the following spells:

 Your Spells              Type           Power      Damage    Failure   Level
a - Magic Dart            Conj           100%       1d8       1%          1
b - Searing Ray           Conj           84%        2d7       1%          2
c - Fulminant Prism       Conj/Hex       18%        3d11      7%          4

Your spell library contained the following spells:

 Spells                   Type           Power      Damage    Failure   Level
 Dazzling Flash           Conj/Hex       72%        N/A       1%          3
 Iskenderun's Mystic Bla  Conj/Tloc      23%        2d6       21%         4


Dungeon Overview and Level Annotations

Branches:
Dungeon (4/15)              Sewer (visited)
 Temple: D:4-7

Altars:

Shops:
D:3 (

Annotations:
D:6 1 runed translucent door


Message History

The centaur hits you but does no damage.
The centaur kicks you.
* * * LOW HITPOINT WARNING * * *
You hit the centaur but do no damage. The centaur closely misses you.
The centaur barely misses you. The centaur misses you. x2
You feel much better.
The centaur hits you but does no damage.
The centaur closely misses you.
The centaur wields a +0 shortbow.
The centaur shoots an arrow.
The arrow barely misses you.
Casting: Searing Ray (safe; 1% risk of failure)
Confirm with . or Enter, or press ? or * to list all spells.
Aiming: Searing Ray (safe; 1% risk of failure)
Press: ? - help, Shift-Dir - straight line, f - black bear
Aim: a black bear (87% to hit)
The searing ray hits the black bear.
The black bear is lightly wounded.
The searing ray hits the centaur!
The centaur is heavily wounded. (Press . to maintain the ray.)
The centaur unwields a +0 shortbow.
The centaur hits you. The centaur closely misses you. The black bear bites you.
The black bear claws you.
* * * LOW HITPOINT WARNING * * *
The black bear claws you.
* * * LOW HITPOINT WARNING * * *
Unknown command.
Okay, then.
You feel better. The centaur closely misses you. The centaur kicks you.
The black bear bites you!
* * * LOW HITPOINT WARNING * * *
The black bear claws you but does no damage.
The black bear barely misses you.
The centaur wields a +0 shortbow.
The centaur shoots an arrow.
The arrow hits you.
* * * LOW HITPOINT WARNING * * *
As you read the scroll labelled ZUTUUF SISU, it crumbles to dust.
A profound silence engulfs you.
It was a scroll of silence.
The centaur unwields a +0 shortbow.
The centaur hits you.
You die...

#........#
#..<.....
#........
S#...!...#
F#..(...(##
+#........#
..........#
.)......hc#
....(...@.#
..........#
.........##
.#......##
########


You could see a black bear and a centaur.

Vanquished Creatures
  Eustachio (D:4)
  An ogre (D:4)
  A kobold brigand (Sewer)
  An iguana (D:4)
  A river rat (Sewer)
  4 adders
  2 dart slugs
  A worm (D:3)
  13 ball pythons
  7 endoplasms
  5 giant cockroaches
  9 goblins
  7 hobgoblins
  12 jackals
  7 kobolds
  6 bats
  4 frilled lizards
  5 rats
87 creatures vanquished.

Vanquished Creatures (others)
  2 fulminant prisms (D:4)
2 creatures vanquished.

Grand Total: 89 creatures vanquished

Notes
Turn   | Place    | Note
-------+----------+-------------------------------------------
     0 | D:1      | bearlyready the Deep Elf Conjurer began the quest for the
                  | Orb.
     0 | D:1      | Reached XP level 1. HP: 10/10 MP: 6/6
   220 | D:1      | Reached XP level 2. HP: 15/15 MP: 2/8
   344 | D:1      | Reached skill level 5 in Conjurations
   351 | D:1      | Learned a level 2 spell: Searing Ray
   744 | D:1      | Reached XP level 3. HP: 19/19 MP: 7/9
  1651 | D:2      | Reached skill level 6 in Conjurations
  2306 | D:3      | Reached XP level 4. HP: 24/24 MP: 8/10
  2313 | D:3      | Learned a level 4 spell: Fulminant Prism
  2495 | D:3      | Reached skill level 1 in Hexes
  2665 | D:3      | Found a glowing drain.
  2676 | Sewer    | Entered a sewer
  2860 | Sewer    | Noticed a kobold brigand
  2890 | Sewer    | Killed a kobold brigand
  2891 | Sewer    | Reached XP level 5. HP: 16/28 MP: 3/11
  3074 | Sewer    | Found a white marble altar of Elyvilon.
  3234 | D:3      | Found a faded altar of an unknown god.
  3336 | D:3      | Found Abaucwi's Weapon Shoppe.
  3622 | D:3      | Noticed a centaur
  3769 | D:4      | Noticed an ogre
  3777 | D:4      | Killed an ogre
  3778 | D:4      | Reached skill level 7 in Conjurations
  3778 | D:4      | Reached XP level 6. HP: 32/32 MP: 3/12
  4096 | D:4      | Noticed Eustachio
  4110 | D:4      | HP: 1/32 [river rat[Eustachio] (4)]
  4111 | D:4      | Killed Eustachio
  4112 | D:4      | Reached skill level 5 in Hexes
  4115 | D:4      | You fall into a shaft and drop 2 floors!
  4115 | D:6      | Found a runed translucent door.
  4116 | D:6      | HP: 1/32 [centaur (1)]
  4122 | D:6      | HP: 1/32 [centaur/arrow (2)]
  4123 | D:6      | Slain by a centaur

Illustrated notes

Levels and vault maps discovered:
D:1:      minmay_arrival_glassed_features, layout_loops_ring, roderic_lattice_a
D:2:      layout_loops_cross, minmay_quadrilaterals
D:3:      layout_basic, cheibrodos_sewer_entry_bend,
          nicolae_ecumenical_lake_church, serial_shops, shop_fountains,
          lightli_corner_chamber
D:4:      layout_loops_ring, serial_shops, kennysheep_little_box,
          minmay_stone_trees_medium, grunt_tough_drop, uniq_ijyb, uniq_duvessa,
          uniq_eustachio
D:6:      kennysheep_steamy, layout_rooms, minmay_temple_entry_wispy,
          ebering_ghost_sewer_d, uniq_pikel

Skill      XL: |  1  2  3  4  5  6 |
---------------+-------------------+-----
Conjurations   | 5 6 7 |  7.6
Hexes          | 3 4 5 |  5.2
Dodging        | |  2.4
Stealth        | |  2.4
Spellcasting   | |  3.2

Action                   |  1- 3 |  4- 6 || total
-------------------------+-------+-------++-------
Melee: Unarmed           |     3 |       ||     3
       Dagger            |       |    19 ||    19
Throw: Dart              |       |    17 ||    17
 Cast: Magic Dart        |    83 |    39 ||   122
       Searing Ray       |       |    10 ||    10
       Fulminant Prism   |       |     2 ||     2
  Use: Scroll            |     4 |     1 ||     5
       Potion            |       |     4 ||     4
 Stab: Sleeping          |       |     3 ||     3
Armor: Robe              |     1 |    14 ||    15
Dodge: Dodged            |     4 |    36 ||    40

Table legend: (Time is in decaauts)
 A = Elapsed time spent in this place.
 B = Non-inter-level travel time spent in this place.
 C = Inter-level travel time spent in this place.
 D = Time resting spent in this place.
 E = Time spent auto-exploring this place.
 F = Levels seen in this place.
 G = Mean time per level.
                   A        B        C        D        E       F      G
               +--------+--------+--------+--------+--------+-----+--------+
         Total |   4172 |   4018 |    154 |     70 |   3269 |   6 |  695.3 |
       Dungeon |   3688 |   3534 |    154 |     70 |   2877 |   5 |  737.6 |
         Sewer |    484 |    484 |      0 |      0 |    391 |   1 |  484.0 |
               +--------+--------+--------+--------+--------+-----+--------+

Top non-repeatable levels by time:
     D:1: 1184 daAuts
     D:3: 1096 daAuts
     D:2: 1014 daAuts
   Sewer: 484 daAuts
     D:4: 385 daAuts
     D:6: 7 daAuts
